 Dungeon Crawl Stone Soup version 0.29.0-4-gdea44cf6ec (webtiles) character file.

Game seed: 3035562711923712256

124 qw the Chopper (level 5, 0/41 HPs)
             Began as a Ghoul Enchanter on Sept 6, 2022.
             Slain by Jessica
             ... wielding a +9 club
              (7 damage)
             ... on level 3 of the Dungeon.
             The game lasted 00:02:23 (5150 turns).

qw the Chopper (Ghoul Enchanter)                    Turns: 5150, Time: 00:02:23

Health: 0/41       AC: 10    Str: 16    XL:     5   Next: 8%
Magic:  6/6        EV: 10    Int: 10    God:
Gold:   113        SH:  0    Dex:  9    Spells: 7/7 levels left

rFire   + + +      SeeInvis .   e - +0 broad axe
rCold   . . .      Faith    .   (no shield)
rNeg    + + +      Spirit   .   h - +0 ring mail
rPois   inf        Reflect  .   a - +4 helmet "Liyhol" {rF+++ rC- rCorr Str+2}
rElec   .          Harm     .   (no cloak)
rCorr   +          Rampage  .   (no gloves)
Will    .....                   (no boots)
Stlth   +.........              (no amulet)
HPRegen 0.00/turn               (no ring)
MPRegen 0.10/turn               (no ring)

@: inhibited regen
A: claws 1, cold resistance 1, negative energy resistance 3, inhibited
regeneration, torment resistance 2, devour on kill
a: no special abilities


You were on level 3 of the Dungeon.
You visited 1 branch of the dungeon, and saw 3 of its levels.

You collected 113 gold pieces.


Innate Abilities, Weirdness & Mutations

You are immune to poison.
You have sharp fingernails.
Your flesh is cold resistant. (rC+)
You are immune to negative energy. (rN+++)
You do not regenerate when monsters are visible.
You are immune to unholy pain and torment.
You thrive by killing the living.


   Skills:
 - Level 2.0 Fighting
 - Level 0.8 Short Blades
 + Level 3.6 Axes
 - Level 1.7 Dodging
 - Level 3.2 Stealth
 - Level 1.7 Spellcasting
 - Level 2.4 Hexes


You had 7 spell levels left.
You didn't know any spells.
Your spell library contained the following spells:

 Spells                   Type           Power      Damage    Failure   Level
 Ensorcelled Hibernation  Hex/Ice        6%         N/A       50%         2
 Confusing Touch          Hex            5%         N/A       56%         3
 Tukima's Dance           Hex            5%         N/A       56%         3
 Dazzling Flash           Conj/Hex       6%         N/A       75%         3

Inventory:

Hand Weapons
 b - a +0 flail
 e - a +0 broad axe (weapon)
Armour
 a - the +4 helmet "Liyhol" (worn) {rF+++ rC- rCorr Str+2}
   (You acquired it on level 2 of the Dungeon)

   Str:       It affects your strength (+2).
   rF:        It renders you almost immune to fire.
   rC:        It makes you vulnerable to cold.
   rCorr:     It protects you from acid and corrosion.
 c - a +0 scale mail
 h - a +0 ring mail (worn)
Scrolls
 d - a scroll of amnesia {unknown}
 g - 2 scrolls of identify
Potions
 f - a potion of heal wounds {unknown}
 i - a potion of might {unknown}
 j - a potion of attraction {unknown}
 k - a potion of berserk rage {unknown}
 l - a potion of degeneration {unknown}
 m - a potion of curing {unknown}
 n - a potion of flight {unknown}

Dungeon Overview and Level Annotations

Branches:
Dungeon (3/15)

Altars:
Wu Jian

Annotations:
D:3 Jessica


Message History

Found 3 stones.
You start waiting.
Done waiting.
You see here 12 gold pieces.
5034 ||| Stepping ~*~*~tactically~*~*~ (hiding).
You start waiting.
Done waiting.
You see here 12 gold pieces.
Found a yellow potion.
Jessica gestures wildly while chanting.
Jessica blinks!
Found an escape hatch in the floor.
Jessica mumbles some strange words.
Jessica blinks!
Jessica mumbles some strange words.
Jessica seems to speed up.
Jessica mumbles some strange words.
Jessica blinks!
n - a yellow potion
5143 ||| Stepping ~*~*~tactically~*~*~ (hiding).
You hit Jessica.
Jessica is severely wounded.
Jessica closely misses you. Jessica hits you with a +9 club.
You closely miss Jessica.
Jessica is severely wounded.
Jessica hits you with a +9 club. Jessica barely misses you.
You closely miss Jessica.
Jessica is severely wounded.
Jessica hits you with a +9 club! Jessica closely misses you.
Jessica hits you with a +9 club.
You barely miss Jessica.
Jessica is severely wounded.
Jessica hits you with a +9 club! Jessica hits you with a +9 club.
You completely miss Jessica.
Jessica is severely wounded.
Jessica hits you with a +9 club.
Jessica gestures wildly while chanting.
Jessica blinks!
Jessica hits you with a +9 club!
You die...

.###....#.## #.##..)......
.< ##....####......)......
#. ##..........#.#.......
#..$......###.#..#...#
#..#.##..(..(..#..##..#
....##.###..#............
#######.##.ยค##............
#...#.##[.#..........
#...@....##..........
#....@..>### ..........
#.#.....#... ......##..
...#.......#..#####. ...
..# #....#### ## #. .). #.#
#....# ...) #. ..#### ###


You could see Jessica (fast).

Vanquished Creatures
  Terence (D:3)
  4 adders
  A worm (D:3)
  3 dart slugs (D:1)
  An orc (D:2)
  4 endoplasms
  A giant cockroach (D:2)
  3 hobgoblins
  8 kobolds
  A quokka (D:2)
  6 ball pythons
  6 bats
  5 frilled lizards
  5 goblins
  5 rats
  A spectral goblin (D:2)
55 creatures vanquished.

Notes
Turn   | Place    | Note
-------+----------+-------------------------------------------
     0 | D:1      | qw the Ghoul Enchanter began the quest for the Orb.
     0 | D:1      | Reached XP level 1. HP: 14/14 MP: 2/2
     0 | D:1      | 0 ||| qw: Version: 0.1-a-107-g55f7f8b
     0 | D:1      | 0 ||| qw: Game counter: 6034
     0 | D:1      | 0 ||| qw: Always use a shield: true
     0 | D:1      | 0 ||| qw: God list: Okawaru
     0 | D:1      | 0 ||| qw: Allow faded altars: false
     0 | D:1      | 0 ||| qw: Do Orc after D:15 true
     0 | D:1      | 0 ||| qw: Do second Lair branch before Depths: true
     0 | D:1      | 0 ||| qw: Lair rune preference: random
     0 | D:1      | 0 ||| qw: Plans: Normal
     0 | D:1      | 0 ||| PLANNING D:1-11
    52 | D:1      | Reached skill level 1 in Axes
   243 | D:1      | 243 ||| SWAPPING to +0 club.
   244 | D:1      | 244 ||| DROPPING +1 dagger.
   269 | D:1      | 269 ||| Stepping ~*~*~tactically~*~*~ (hiding).
   270 | D:1      | 270 ||| Stepping ~*~*~tactically~*~*~ (hiding).
   282 | D:1      | Reached XP level 2. HP: 16/22 MP: 3/3
   453 | D:1      | Reached skill level 1 in Fighting
   463 | D:1      | 463 ||| Stepping ~*~*~tactically~*~*~ (hiding).
   580 | D:1      | 580 ||| SWAPPING to +0 long sword.
   642 | D:1      | HP: 4/23 [hobgoblin (4)]
  1476 | D:1      | 1476 ||| UPGRADING to +0 leather armour.
  1486 | D:1      | 1486 ||| DROPPING +0 robe.
  1487 | D:1      | 1487 ||| READING scroll labelled KAG HOALOINIH.
  1588 | D:1      | 1588 ||| READING 2 scrolls labelled IFRASE MELUC.
  1589 | D:1      | 1589 ||| READING scroll labelled CUN ZIPAKOKE.
  1590 | D:1      | 1590 ||| READING scroll labelled VEKUNN CIMO.
  1591 | D:1      | 1591 ||| DROPPING 2 potions of invisibility.
  1837 | D:2      | 1837 ||| FLEEEEING.
  1840 | D:2      | 1840 ||| FLEEEEING.
  1841 | D:2      | 1841 ||| FLEEEEING.
  1842 | D:2      | 1842 ||| FLEEEEING.
  1846 | D:2      | 1846 ||| STAIRDANCE
  1876 | D:1      | 1876 ||| READING scroll labelled MYSTES XEXAS.
  1891 | D:2      | 1891 ||| Stepping ~*~*~tactically~*~*~ (stealth).
  1897 | D:2      | 1897 ||| Stepping ~*~*~tactically~*~*~ (stealth).
  1900 | D:2      | 1900 ||| Stepping ~*~*~tactically~*~*~ (stealth).
  1903 | D:2      | 1903 ||| Stepping ~*~*~tactically~*~*~ (stealth).
  1909 | D:2      | Found a faded altar of an unknown god.
  1915 | D:2      | 1915 ||| Stepping ~*~*~tactically~*~*~ (stealth).
  1921 | D:2      | 1921 ||| Stepping ~*~*~tactically~*~*~ (stealth).
  1934 | D:2      | HP: 4/23 [adder (3)]
  1936 | D:2      | Reached XP level 3. HP: 8/28 MP: 4/4
  2315 | D:2      | 2315 ||| DROPPING +0 club.
  2397 | D:2      | 2397 ||| Stepping ~*~*~tactically~*~*~ (stealth).
  2399 | D:2      | 2399 ||| Stepping ~*~*~tactically~*~*~ (stealth).
  2411 | D:2      | 2411 ||| FLEEEEING.
  2412 | D:2      | 2412 ||| FLEEEEING.
  2413 | D:2      | 2413 ||| FLEEEEING.
  2414 | D:2      | 2414 ||| FLEEEEING.
  2415 | D:2      | 2415 ||| FLEEEEING.
  2416 | D:2      | 2416 ||| FLEEEEING.
  2417 | D:2      | 2417 ||| FLEEEEING.
  2418 | D:2      | 2418 ||| FLEEEEING.
  2432 | D:2      | 2432 ||| FLEEEEING.
  2513 | D:2      | 2513 ||| Stepping ~*~*~tactically~*~*~ (stealth).
  2517 | D:2      | 2517 ||| Stepping ~*~*~tactically~*~*~ (stealth).
  2569 | D:2      | 2569 ||| Stepping ~*~*~tactically~*~*~ (stealth).
  2571 | D:2      | 2571 ||| Stepping ~*~*~tactically~*~*~ (stealth).
  2573 | D:2      | 2573 ||| Stepping ~*~*~tactically~*~*~ (stealth).
  2586 | D:2      | 2586 ||| DROPPING +0 short sword.
  2727 | D:2      | HP: 7/29 [frilled lizard (3)]
  2728 | D:2      | 2728 ||| READING scroll of teleportation.
  2764 | D:2      | 2764 ||| FLEEEEING.
  2765 | D:2      | 2765 ||| FLEEEEING.
  2766 | D:2      | 2766 ||| FLEEEEING.
  2767 | D:2      | 2767 ||| FLEEEEING.
  2768 | D:2      | 2768 ||| FLEEEEING.
  2769 | D:2      | 2769 ||| FLEEEEING.
  2770 | D:2      | 2770 ||| FLEEEEING.
  2771 | D:2      | 2771 ||| FLEEEEING.
  2778 | D:2      | 2778 ||| STAIRDANCE
  2977 | D:1      | 2977 ||| UPGRADING to +0 ring mail.
  2987 | D:1      | 2987 ||| DROPPING +0 leather armour.
  2988 | D:1      | 2988 ||| READING scroll labelled REACHIL UDOSE.
  2989 | D:1      | 2989 ||| READING 3 scrolls of identify.
  2989 | D:1      | 2989 ||| IDENTIFYING puce potion
  2990 | D:1      | 2990 ||| READING 2 scrolls of identify.
  2990 | D:1      | 2990 ||| IDENTIFYING fizzy black potion
  2991 | D:1      | 2991 ||| DROPPING potion of magic.
  2992 | D:1      | 2992 ||| DROPPING potion of ambrosia.
  3328 | D:2      | Reached XP level 4. HP: 35/36 MP: 5/5
  3344 | D:2      | 3344 ||| READING scroll labelled PASKUQ SYRPH.
  3344 | D:2      | Identified a scroll of acquirement
  3344 | D:2      | 3344 ||| ACQUIRING +4 helmet "Liyhol" {rF+++ rC- rCorr
                  | Str+2}
  3344 | D:2      | Acquired the +4 helmet "Liyhol" {rF+++ rC- rCorr Str+2}
  3346 | D:2      | 3346 ||| UPGRADING to +4 helmet "Liyhol" {rF+++ rC- rCorr
                  | Str+2}.
  4061 | D:2      | 4061 ||| PLANNING D:1-11
  4223 | D:1      | 4223 ||| PLANNING D:1-11
  4480 | D:2      | 4480 ||| READING scroll labelled AKLYOT SUYDGHOPS.
  4523 | D:3      | 4523 ||| STAIRDANCE
  4534 | D:3      | Noticed Terence
  4535 | D:3      | 4535 ||| Stepping ~*~*~tactically~*~*~ (stealth).
  4536 | D:3      | 4536 ||| Stepping ~*~*~tactically~*~*~ (stealth).
  4538 | D:3      | 4538 ||| Stepping ~*~*~tactically~*~*~ (stealth).
  4541 | D:3      | 4541 ||| Stepping ~*~*~tactically~*~*~ (stealth).
  4569 | D:3      | HP: 9/36 [goblin/+0 club (3)]
  4571 | D:3      | Killed Terence
  4572 | D:3      | Reached skill level 3 in Axes
  4717 | D:3      | 4717 ||| Stepping ~*~*~tactically~*~*~ (stealth).
  4755 | D:3      | 4755 ||| DROPPING +0 whip.
  4802 | D:3      | Reached XP level 5. HP: 37/41 MP: 6/6
  4861 | D:3      | Found an ornate altar of the Wu Jian Council.
  4885 | D:3      | 4885 ||| SWAPPING to +0 broad axe.
  4886 | D:3      | 4886 ||| DROPPING +0 long sword.
  4900 | D:3      | 4900 ||| Stepping ~*~*~tactically~*~*~ (stealth).
  4931 | D:3      | Noticed Jessica
  4932 | D:3      | 4932 ||| Stepping ~*~*~tactically~*~*~ (hiding).
  5034 | D:3      | 5034 ||| Stepping ~*~*~tactically~*~*~ (hiding).
  5143 | D:3      | 5143 ||| Stepping ~*~*~tactically~*~*~ (hiding).
  5148 | D:3      | HP: 10/41 [Jessica/+9 club (6)]
  5150 | D:3      | Slain by Jessica

Levels and vault maps discovered:
D:1:      denvon_arrival_planthouse, layout_loops_ring
D:2:      kb_forest_paths, layout_basic,
          dreamdust_ecumenical_altar_drowned_temple
D:3:      layout_rooms, nicolae_uskayaw_dance_hall,
          mainiacjoe_overflow_boulevard, minitemple, uniq_jessica, uniq_terence

Skill      XL: |  1  2  3  4 |
---------------+-------------+-----
Axes           | 1 2 3 |  3.6
Fighting       | 1 2 |  2.0
Short Blades   | |  0.8
Dodging        | |  1.7
Stealth        | |  3.2
Spellcasting   | |  1.7
Hexes          | |  2.4

Action                   |  1- 3 |  4- 6 || total
-------------------------+-------+-------++-------
Melee: Dagger            |    14 |       ||    14
       Club              |    17 |       ||    17
       Long sword        |   116 |   122 ||   238
       Punch             |     1 |     2 ||     3
       Broad axe         |       |     9 ||     9
  Use: Scroll            |     9 |     2 ||    11
 Stab: Sleeping          |     1 |       ||     1
Armor: Robe              |     8 |       ||     8
       Leather armour    |    17 |       ||    17
       Ring mail         |     8 |    84 ||    92
Dodge: Dodged            |   103 |    91 ||   194

Table legend:
 A = Non-vault XP
 B = Vault XP
 C = Vault XP percentage of total XP
 D = Non-vault monster count
 E = Vault monster count
 F = Vault count percentage of total count
                 A         B        C        D         E       F
            +---------+---------+-------+---------+---------+-------
      Total |     120 |      58 |  32.6 |      47 |       8 |  14.5
            +---------+---------+-------+---------+---------+-------
        D:1 |      25 |       0 |   0.0 |      12 |       0 |   0.0
        D:2 |      60 |      22 |  26.8 |      23 |       7 |  23.3
        D:3 |      35 |      36 |  50.7 |      12 |       1 |   7.7
            +---------+---------+-------+---------+---------+-------
